 Seeded DCSS version 0.24.0-37-gcf1ca852f1 (console) character file.

Game seed: 93891015573, levelgen mode: deterministic

518 Kagalorn the Chucker (level 7, -1/53 HPs)
             Began as a Human Hunter on Dec 7, 2019.
             Was an Initiate of Okawaru.
             Slain by a killer bee zombie (6 damage)
             ... on level 5 of the Dungeon.
             The game lasted 00:12:51 (6071 turns).

Kagalorn the Chucker (Human Hunter)                 Turns: 6071, Time: 00:12:51

Health: -1/53      AC:  8    Str: 14    XL:     7   Next: 45%
Magic:  6/6        EV: 10    Int:  9    God:    Okawaru [......]
Gold:   234        SH:  0    Dex: 14    Spells: 6/6 levels left

rFire    . . .     SeeInvis .   a - +0 lajatang
rCold    . . .     Gourm    .   (shield currently unavailable)
rNeg     . . .     Faith    .   y - +0 scale mail
rPois    .         Spirit   .   h - +0 helmet
rElec    .         Reflect  .   (no cloak)
rCorr    .         Harm     .   (no gloves)
MR       .....                  (no boots)
Stlth    ..........             u - amulet of rage
HPRegen  0.17/turn              (no ring)
MPRegen  0.10/turn              (no ring)

@: no status effects
A: dopey 1, low mp 1, shaggy fur 1, evolution 1
a: Renounce Religion, Evoke Berserk Rage


You were on level 5 of the Dungeon.
You worshipped Okawaru.
Okawaru was noncommittal.
You were hungry.

You visited 2 branches of the dungeon, and saw 6 of its levels.

You collected 234 gold pieces.

Inventory:

Hand Weapons
 a - a +0 lajatang (weapon)
 b - a +0 long sword
 C - a +1 flail of crushing
Missiles
 c - 6 javelins
 d - 2 throwing nets
 j - 124 stones
 m - 34 sling bullets
 p - 13 poisoned darts (quivered)
Armour
 h - a +0 helmet (worn)
 y - a +0 scale mail (worn)
Jewellery
 u - an amulet of rage (around neck)
 x - an uncursed ring of ice {unknown}
Scrolls
 e - a scroll of fear {unknown}
 g - 3 scrolls of remove curse {unknown}
 i - 2 scrolls of enchant weapon {unknown}
 k - 2 scrolls of magic mapping {unknown}
 l - a scroll of random uselessness {unknown}
 r - 6 scrolls of identify {unknown}
 s - 2 scrolls of amnesia {unknown}
 t - 4 scrolls of teleportation {unknown}
 w - a scroll of immolation {unknown}
 B - a scroll of enchant armour {unknown}
Potions
 n - a potion of haste
 o - a potion of magic {unknown}
 q - a potion of ambrosia {unknown}
 v - 2 potions of flight {unknown}
 z - a potion of agility {unknown}
 A - 2 potions of curing {unknown}
Comestibles
 f - 3 rations


   Skills:
 * Level 3.9 Fighting
 * Level 7.7 Throwing
 - Level 2.0 Dodging
 - Level 1.0 Stealth


You had 6 spell levels left.
You didn't know any spells.
Your spell library was empty.

Dungeon Overview and Level Annotations

Branches:
Dungeon (5/15)             Temple (1/1) D:5

Altars:
Ashenzari
Cheibriados
Dithmenos
Fedhas
Gozag
Kikubaaqudgha
Makhleb
Okawaru
Qazlal
Ru
Trog
Uskayaw
Vehumet
Xom
Lugonu

Annotations:
D:5 Pikel


Innate Abilities, Weirdness & Mutations

You are dopey. (Int -2)
Your magical capacity is low. (-10% MP)
You are covered in fur. (AC +1)
You evolve.


Message History

* * * LOW HITPOINT WARNING * * *
The killer bee zombie hits you but does no damage.
You closely miss the killer bee zombie.
The killer bee zombie is lightly damaged.
The killer bee zombie hits you but does no damage.
The killer bee zombie closely misses you.
You closely miss the killer bee zombie.
The killer bee zombie is lightly damaged.
The killer bee zombie hits you.
* * * LOW HITPOINT WARNING * * *
The killer bee zombie hits you.
* * * LOW HITPOINT WARNING * * *
The killer bee zombie barely misses you.
Okay, then.
It was a potion of mutation.
You feel extremely strange.
You feel less energetic.
You feel nature experimenting on you.
Don't worry, failures die fast.
You feel stupid. Fur sprouts all over your body.
The killer bee zombie hits you.
You die...

.. #..[....#######. ...
#.......# #. ....##
#[).....# #.
#+#...###.......#######.
#...............#.....#.
##...#.........#.....#.
#. #.#.......#.....#.
#.#####.###....... #@#
.# #.......
#######Z#####.# #..._...
.....>........# #.......
#####.#.......###.......
###.#.#####.'_####....
#.....W.....## .......
#...#.#.###.#######..#
#...#.#..............#
### #.#.###.#######..#


You could see a phantom and a killer bee zombie.

Vanquished Creatures
  2 slaves
  An ogre (D:5)
  A scorpion (D:5)
  A crimson imp (D:5)
  A hound (D:4)
  An orc priest (D:5)
  An orc wizard (D:5)
  A bullfrog skeleton (D:3)
  Robin (D:2)
  6 gnolls
  5 adders
  4 worms
  3 dart slugs
  14 orcs
  7 giant cockroaches
  11 goblins
  17 hobgoblins
  2 quokkas
  8 bats
  7 frilled lizards
  3 kobolds
  A leopard gecko skeleton (D:5)
  4 rats
102 creatures vanquished.

Vanquished Creatures (others)
  A giant cockroach (D:3)
1 creature vanquished.

Grand Total: 103 creatures vanquished

Notes
Turn   | Place    | Note
-------+----------+-------------------------------------------
     0 | D:1      | Kagalorn the Human Hunter began the quest for the Orb.
     0 | D:1      | Reached XP level 1. HP: 16/16 MP: 1/1
   307 | D:1      | Reached XP level 2. HP: 14/22 MP: 2/2
   835 | D:1      | Reached XP level 3. HP: 14/27 MP: 3/3
  1034 | D:2      | Found a faded altar of an unknown god.
  1049 | D:2      | Noticed Robin
  1061 | D:2      | Reached skill level 5 in Throwing
  1648 | D:2      | Killed Robin
  1648 | D:2      | Reached XP level 4. HP: 21/33 MP: 4/4
  2383 | D:2      | Reached XP level 5. HP: 18/38 MP: 5/5
  2571 | D:2      | Reached skill level 6 in Throwing
  2617 | D:2      | You fall into a shaft and drop 1 floor!
  2619 | D:3      | Found a bloodstained altar of Trog.
  2753 | D:3      | Found an ancient bone altar of Kikubaaqudgha.
  3418 | D:3      | Found a shadowy altar of Dithmenos.
  3831 | D:3      | Reached XP level 6. HP: 30/44 MP: 6/6
  3991 | D:3      | Found a radiant altar of Vehumet.
  4343 | D:4      | Found a hide-covered altar of Uskayaw.
  4349 | D:4      | Noticed a -2 hand axe
  4349 | D:4      | Noticed a +0 dagger
  4679 | D:4      | Reached skill level 7 in Throwing
  4868 | D:5      | Entered Level 5 of the Dungeon
  4998 | D:5      | Noticed a slave
  5004 | D:5      | Noticed a slave
  5166 | D:4      | Killed a slave
  5428 | D:5      | Found a burning altar of Makhleb.
  5443 | D:5      | Reached XP level 7. HP: 46/52 MP: 7/7
  5515 | D:5      | Noticed Pikel
  5741 | D:5      | Found a shimmering altar of Xom.
  5949 | D:5      | Found a blossoming altar of Fedhas.
  5958 | D:5      | Found a staircase to the Ecumenical Temple.
  5971 | Temple   | Entered the Ecumenical Temple
  6009 | Temple   | Became a worshipper of Warmaster Okawaru
  6071 | D:5      | Gained mutation: Your magical capacity is low. (-10% MP)
                  | [potion of mutation]
  6071 | D:5      | Gained mutation: You evolve. [potion of mutation]
  6071 | D:5      | Gained mutation: You are dopey. (Int -2) [potion of
                  | mutation]
  6071 | D:5      | Gained mutation: You are covered in fur. (AC +1) [potion of
                  | mutation]
  6071 | D:5      | Slain by a killer bee zombie

Levels and vault maps discovered:
D:1:      minmay_arrival_four_houses, layout_loops_ring,
          hangedman_feature_mirror
D:2:      layout_loops_ring, chequers_ecumenical_altar_simple, uniq_robin
D:3:      layout_loops_corners, fiery_altar_vehumet, lemuel_round_altar,
          kiku_gazebo_garden_becter, lemuel_coloured_pillars_altar, first_ration
D:4:      layout_rooms, dancing_weapons_uskayaw, serial_forest,
          infiniplex_forest_zigzag_2, infiniplex_forest_clump_small,
          infiniplex_forest_clump_medium, infiniplex_forest_zigzag_1,
          infiniplex_forest_clump_double
D:5:      layout_basic, lemuel_crystal_altar, kennysheep_mini,
          minmay_temple_entry_mini_moons, basic_altar, uniq_blork_the_orc,
          uniq_pikel
Temple:   corrupted_temple

Skill      XL: |  1  2  3  4  5  6 |
---------------+-------------------+-----
Throwing       | 5 6 7 |  7.7
Fighting       | 3 |  3.9
Dodging        | |  2.0
Stealth        | |  1.0

Action                   |  1- 3 |  4- 6 |  7- 9 || total
-------------------------+-------+-------+-------++-------
Melee: Hand axe          |   118 |    18 |       ||   136
       Short sword       |     8 |       |       ||     8
       Halberd           |       |    95 |       ||    95
       War axe           |       |   109 |       ||   109
       Lajatang          |       |    52 |    55 ||   107
Throw: Javelin           |     7 |       |       ||     7
       Dart              |       |    17 |     2 ||    19
 Abil: Evoke Berserk Rag |       |       |     1 ||     1
  Use: Potion            |       |       |     1 ||     1
 Stab: Sleeping          |     1 |     2 |       ||     3
  Eat: Chunk             |     2 |    11 |     1 ||    14
       Ration            |       |     1 |       ||     1
Armor: Leather armour    |    76 |    13 |       ||    89
       Scale mail        |       |    99 |    30 ||   129
Dodge: Dodged            |   121 |   157 |    41 ||   319
